 Dungeon Crawl Stone Soup version 0.32-a0-656-g3542139ebd (webtiles) character file.

Game seed: 15941022731718837372

130 Shayle the Apothecary (level 5, -3/35 HPs)
             Began as a Coglin Alchemist on Mar 8, 2024.
             Slain by an ogre
             ... wielding a +0 giant spiked club
              (19 damage)
             ... on level 2 of the Dungeon.
             The game lasted 00:05:03 (1963 turns).

Shayle the Apothecary (Coglin Alchemist)            Turns: 1963, Time: 00:05:04

Health: -3/35      AC:  3    Str:  9    XL:     5   Next: 13%
Magic:  5/8        EV: 12    Int: 16    God:
Gold:   114        SH:  0    Dex: 14    Spells: 8/9 levels left

rFire   . . .        c - +0 dagger {Manveen}
rCold   . . .        e - +0 whip {Wystan}
rNeg    . . .        g - +0 leather armour
rPois   .            (no helmet)
rElec   .            (no cloak)
rCorr   .            (no gloves)
SInv    .            (no boots)
Will    .....        (amulet unavailable)
Stlth   ++           (ring unavailable)
HPRegen 0.25/turn    (ring unavailable)
MPRegen 0.11/turn    (no gizmo)

%: no passive effects
@: revving
A: off-hand wielding, slow wielding, warmup strikes, no jewellery
a: Invent Gizmo


You were on level 2 of the Dungeon.
You visited 1 branch of the dungeon, and saw 2 of its levels.

You collected 114 gold pieces.

Inventory:

Hand Weapons
 c - a +0 dagger (weapon) {Manveen}
 e - a +0 whip (offhand) {Wystan}
Armour
 a - a +0 robe
 g - a +0 leather armour (worn)
Scrolls
 d - a scroll of teleportation {unknown}
 f - 2 scrolls of identify
 h - a scroll of blinking {unknown}
 k - a scroll of brand weapon {unknown}
 l - a scroll of silence {unknown}
Potions
 b - a potion of magic
 i - a potion of degeneration
 j - a potion of curing
 m - a potion of cancellation {unknown}


   Skills:
 + Level 2.8 Dodging
 - Level 1.5 Stealth
 + Level 2.6 Spellcasting
 + Level 2.2 Conjurations
 + Level 4.1 Alchemy


You had 8 spell levels left.
You knew the following spells:

 Your Spells              Type           Power      Damage    Failure   Level
a - Sting                 Conj/Alch      48%        1d6       8%          1

Your spell library contained the following spells:

 Spells                   Type           Power      Damage    Failure   Level
 Mercury Vapours          Alch/Air       16%        N/A       19%         2
 Mephitic Cloud           Conj/Alch/Air  8%         N/A       34%         3
 Olgreb's Toxic Radiance  Alch           15%        N/A       43%         4
 Sticky Flame             Fire/Alch      8%         2d4       75%         4
 Summon Blazeheart Golem  Fire/Summ      2%         N/A       95%         4
 Summon Forest            Summ/Tloc      1%         N/A       100%        5
 Dragon's Call            Summ           1%         N/A       100%        9


Dungeon Overview and Level Annotations

Branches:
Dungeon (2/15)

Altars:
Elyvilon

Shops:
D:1 *


Innate Abilities, Weirdness & Mutations

You can wield a second weapon in your off-hand.
It takes a long time for you to wield or remove held weapons.
Your first few attacks do less damage.
You cannot equip rings or amulets.


Message History

Aiming: Sting (safe; 8% risk of failure)
Press: ? - help, Shift-Dir - straight line, f - goblin
Aim: a goblin, wielding a +0 club (64% to hit)
The sting hits the goblin.
The goblin is poisoned.
You kill the goblin!
An ogre comes into view. It is wielding a +0 giant spiked club.
The ogre shouts!
Casting: Sting (safe; 8% risk of failure)
Confirm with . or Enter, or press ? or * to list all spells.
You can't see any susceptible monsters within range! (Use Z to cast anyway.)
Casting: Sting (safe; 8% risk of failure)
Confirm with . or Enter, or press ? or * to list all spells.
Aiming: Sting (safe; 8% risk of failure)
Press: ? - help, Shift-Dir - straight line, f - ogre
Aim: an ogre, wielding a +0 giant spiked club (86% to hit)
The sting hits the ogre.
The ogre is poisoned.
The ogre is lightly wounded.
Casting: Sting (safe; 8% risk of failure)
Confirm with . or Enter, or press ? or * to list all spells.
Aiming: Sting (safe; 8% risk of failure)
Press: ? - help, Shift-Dir - straight line, f/p - ogre
Aim: an ogre, wielding a +0 giant spiked club (lightly wounded, poisoned, 86% to hit)
The sting hits the ogre.
The ogre looks even sicker.
The ogre is lightly wounded.
Casting: Sting (safe; 8% risk of failure)
Confirm with . or Enter, or press ? or * to list all spells.
Aiming: Sting (safe; 8% risk of failure)
Press: ? - help, Shift-Dir - straight line, f/p - ogre
Aim: an ogre, wielding a +0 giant spiked club (lightly wounded, very poisoned, 86% to hit)
The sting hits the ogre.
The ogre looks even sicker.
The ogre is lightly wounded.
The ogre attacks as it pursues you!
The ogre hits you with a +0 giant spiked club!!
Ouch! That really hurt!
You hit the ogre with your +0 whip.
The ogre is heavily wounded.
You barely miss the ogre with your +0 dagger.
The ogre hits you with a +0 giant spiked club!!
Ouch! That really hurt!
You die...

##.######..#.#
#.......
##.....##..#.#
#.......
.......>...#.#
#####.##
######.##.#.#
#.# #.##.#.#
#.## #.#....#
#... #.##.###
####
########.#.)#
........@...#
########O#..#
#.#..# #.#..#
#.#..#
........##.#
######### .#
.#


You could see an ogre (very poisoned).

Vanquished Creatures
  A scorpion (D:2)
  An adder (D:2)
  2 ribbon worms (D:2)
  A dart slug (D:2)
  7 ball pythons
  3 endoplasms
  2 giant cockroaches (D:1)
  8 goblins
  4 hobgoblins (D:1)
  5 jackals (D:1)
  4 quokkas
  2 bats
  A frilled lizard (D:2)
  3 kobolds
  3 rats (D:1)
47 creatures vanquished.

Notes
Turn   | Place    | Note
-------+----------+-------------------------------------------
     0 | D:1      | Shayle the Coglin Alchemist began the quest for the Orb.
     0 | D:1      | Reached XP level 1. HP: 13/13 MP: 3/3
    43 | D:1      | Reached skill level 1 in Conjurations
   245 | D:1      | Reached XP level 2. HP: 19/19 MP: 1/4
   383 | D:1      | Found Cucoas's General Store.
   655 | D:1      | Reached XP level 3. HP: 24/24 MP: 6/6
  1126 | D:1      | Found a white marble altar of Elyvilon.
  1300 | D:2      | Noticed a scorpion
  1313 | D:2      | Killed a scorpion
  1314 | D:2      | Reached skill level 4 in Alchemy
  1314 | D:2      | Reached XP level 4. HP: 30/30 MP: 3/7
  1419 | D:2      | Reached XP level 5. HP: 31/35 MP: 5/8
  1625 | D:2      | Got the Precepts of the Throng
  1954 | D:2      | Noticed an ogre
  1963 | D:2      | Slain by an ogre

Illustrated notes

Levels and vault maps discovered:
D:1:      dpeg_arrival_water_altar, layout_loops_ring, serial_shops,
          nicolae_lakefront_shop
D:2:      layout_basic

Skill      XL: |  1  2  3 |
---------------+----------+-----
Conjurations   | 1 2 |  2.2
Dodging        | 2 |  2.8
Spellcasting   | 2 |  2.6
Alchemy        | 4 |  4.1
Stealth        | |  1.5

Action                     |  1- 3 |  4- 6 || total
---------------------------+-------+-------++-------
  Melee: Unarmed           |    15 |       ||    15
         Dagger            |    94 |    15 ||   109
         Whip              |    89 |    16 ||   105
   Cast: Sting             |     9 |    21 ||    30
    Use: Scroll            |     2 |       ||     2
   Stab: Sleeping          |     2 |       ||     2
 Armour: Robe              |    13 |       ||    13
         Leather armour    |    44 |    14 ||    58
  Dodge: Dodged            |    71 |    12 ||    83

Table legend: (Time is in decaauts)
 A = Elapsed time spent in this place.
 B = Non-inter-level travel time spent in this place.
 C = Inter-level travel time spent in this place.
 D = Time resting spent in this place.
 E = Time spent auto-exploring this place.
 F = Levels seen in this place.
 G = Mean time per level.
                   A        B        C        D        E       F      G
               +--------+--------+--------+--------+--------+-----+--------+
         Total |   1971 |   1919 |     52 |    128 |   1341 |   2 |  985.5 |
       Dungeon |   1971 |   1919 |     52 |    128 |   1341 |   2 |  985.5 |
               +--------+--------+--------+--------+--------+-----+--------+

Top non-repeatable levels by time:
     D:1: 1167 daAuts
     D:2: 804 daAuts
